 Dungeon Crawl Stone Soup version 0.29-a0-82-g837932c90e (webtiles) character file.

Game seed: 12242310017871632064

22 drugrobin the Grasshopper (level 2, -5/24 HPs)
             Began as a Demigod Warper on Feb 4, 2022.
             Slain by a gnoll (11 damage)
             ... on level 2 of the Dungeon.
             The game lasted 00:03:06 (1259 turns).

drugrobin the Grasshopper (Demigod Warper)          Turns: 1259, Time: 00:03:07

Health: -5/24      AC:  3    Str: 12    XL:     2   Next: 51%
Magic:  5/7        EV: 11    Int: 15    God:
Gold:   55         SH:  0    Dex: 13    Spells: 2/4 levels left

rFire   . . .      SeeInvis .   a - +0 spear
rCold   . . .      Faith    .   (no shield)
rNeg    . . .      Spirit   .   b - +0 leather armour
rPois   +          Reflect  .   (no helmet)
rElec   .          Harm     .   (no cloak)
rCorr   .          Rampage  .   (no gloves)
Will    .....                   (no boots)
Stlth   +.........              (no amulet)
HPRegen 0.08/turn               f - ring of poison resistance
MPRegen 0.10/turn               (no ring)

@: on blink cooldown
A: high MP 1, forlorn, divine attributes
a: no special abilities


You were on level 2 of the Dungeon.
You visited 1 branch of the dungeon, and saw 2 of its levels.

You collected 55 gold pieces.

Inventory:

Hand Weapons
 a - a +0 spear (weapon)
Missiles
 d - 5 boomerangs of dispersal (quivered)
Armour
 b - a +0 leather armour (worn)
Jewellery
 f - a ring of poison resistance (left hand)
Scrolls
 c - a scroll of blinking
 e - 3 scrolls of identify {unknown}
 h - a scroll of teleportation {unknown}
Potions
 g - 2 potions of degeneration {unknown}


   Skills:
 - Level 1.7 Fighting
 + Level 2.7 Polearms
 - Level 0.8 Throwing
 - Level 0.8 Armour
 - Level 1.7 Dodging
 - Level 1.7 Spellcasting
 - Level 3.0 Translocations


You had 2 spell levels left.
You knew the following spells:

 Your Spells              Type           Power      Damage    Failure   Level
b - Blink                 Tloc           20%        N/A       13%         2

Your spell library contained the following spells:

 Spells                   Type           Power      Damage    Failure   Level
 Gell's Gravitas          Tloc           10%        N/A       26%         3
 Lesser Beckoning         Tloc           10%        N/A       26%         3
 Teleport Other           Tloc           10%        N/A       26%         3
 Manifold Assault         Tloc           10%        N/A       93%         5


Dungeon Overview and Level Annotations

Branches:
Dungeon (2/15)


Innate Abilities, Weirdness & Mutations

You have an increased reservoir of magic. (+10% MP)
You shall have no god before yourself.
Your divine heritage dramatically boosts your attributes as you level up.


Message History

You hit the adder.
You kill the adder!
You see here an adder corpse.
You start resting.
HP restored.
Memorise Blink, consuming 2 spell levels and leaving 2?
You start memorising the spell.
You continue memorising. x2
You finish memorising.
Spell assigned to 'a'.
Adjust (i)tems, (s)pells, or (a)bilities?
Adjust which spell? a - Blink Adjust to which letter? b - Blink
There is a stone staircase leading up here.
You climb upwards.
The gnoll closely misses you.
There is a stone staircase leading down, spattered with blood here.
There is an escape hatch in the floor here.
The gnoll hits you with a +0 flail.
There is a stone staircase leading down, spattered with blood here.
HP restored.
The gnoll hits you with a +0 flail!
You climb downwards.
There is a stone staircase leading up here.
Casting: Blink (safe; 13% risk of failure)
Confirm with . or Enter, or press ? or * to list all spells.
You blink.
The gnoll hits you with a +0 flail.
You feel stable enough to blink again. The gnoll hits you but does no damage.
There is a stone staircase leading up here.
Casting: Blink (safe; 13% risk of failure)
Confirm with . or Enter, or press ? or * to list all spells.
You blink.
The gnoll hits you with a +0 flail!
* * * LOW HITPOINT WARNING * * *
You feel stable enough to blink again.
There is a stone staircase leading up here.
Casting: Blink (safe; 13% risk of failure)
Confirm with . or Enter, or press ? or * to list all spells.
You blink.
The gnoll hits you with a +0 flail!
You die...

########### #.........#
#####.#######.#
#......#<...#.#
##.##..####.#.#
#.......@g..#g# #......
#####..####.#.#####......
#.................#......
##.###..#####.#...#......
#.##.........#.#.#S.....
#.##.#########.# #......
#.##.# #.# #...... #.##.#
#†# #.# #.##.# #.###.#


You could see a gnoll.

Vanquished Creatures
  An adder (D:2)
  An endoplasm (D:1)
  A goblin (D:1)
  A hobgoblin (D:1)
  4 quokkas
  2 frilled lizards (D:1)
  2 rats (D:1)
12 creatures vanquished.

Notes
Turn   | Place    | Note
-------+----------+-------------------------------------------
     0 | D:1      | drugrobin the Demigod Warper began the quest for the Orb.
     0 | D:1      | Reached XP level 1. HP: 17/17 MP: 5/5
   207 | D:1      | Reached skill level 3 in Translocations
   839 | D:2      | Reached XP level 2. HP: 15/24 MP: 7/7
  1164 | D:2      | Learned a level 2 spell: Blink
  1259 | D:2      | Slain by a gnoll

Illustrated notes

Levels and vault maps discovered:
D:1:      lightli_arrival_statue_moat, layout_rooms, serial_curves,
          eino_curves_03, eino_curves_03, ebering_ecumenical_altar_sacrificial,
          minmay_misc_feat_chi
D:2:      minmay_skewed_foursquare, layout_basic, basic_altar, st_stairs_6,
          uniq_robin, uniq_sigmund

Skill      XL: |  1 |
---------------+----+-----
Polearms       | 2 |  2.7
Translocations | 3 |  3.0
Fighting       | |  1.7
Throwing       | |  0.8
Armour         | |  0.8
Dodging        | |  1.7
Spellcasting   | |  1.7

Action                   || total
-------------------------++-------
Melee: Spear             ||    67
 Cast: Blink             ||     3
Armor: Leather armour    ||    10
Dodge: Dodged            ||    38

Table legend: (Time is in decaauts)
 A = Elapsed time spent in this place.
 B = Non-inter-level travel time spent in this place.
 C = Inter-level travel time spent in this place.
 D = Time resting spent in this place.
 E = Time spent auto-exploring this place.
 F = Levels seen in this place.
 G = Mean time per level.
                   A        B        C        D        E       F      G
               +--------+--------+--------+--------+--------+-----+--------+
         Total |   1257 |   1257 |      0 |    648 |    197 |   2 |  628.5 |
       Dungeon |   1257 |   1257 |      0 |    648 |    197 |   2 |  628.5 |
               +--------+--------+--------+--------+--------+-----+--------+

Top non-repeatable levels by time:
     D:2: 661 daAuts
     D:1: 595 daAuts
